 Dungeon Crawl Stone Soup version 0.26.1-11-gd32895ea62 (webtiles) character file.

Game seed: 15714120217568963029

317 nothank2 the Shield-Bearer (level 6, -1/53 HPs)
             Began as a Minotaur Fighter on June 22, 2021.
             Was an Initiate of Qazlal.
             Slain by an orc wizard
             ... wielding a +0 dagger
              (4 damage)
             ... on level 3 of the Dungeon.
             The game lasted 00:04:20 (2720 turns).

nothank2 the Shield-Bearer (Minotaur Fighter)       Turns: 2720, Time: 00:04:21

Health: -1/53      AC:  8    Str: 22    XL:     6   Next: 20%
Magic:  5/5        EV:  7    Int:  5    God:    Qazlal [......]
Gold:   149        SH: 10    Dex: 10    Spells: 5/5 levels left

rFire    . . .     SeeInvis .   a - +0 long sword
rCold    . . .     Faith    .   c - +0 kite shield
rNeg     . . .     Spirit   .   b - +0 scale mail
rPois    .         Reflect  .   (helmet restricted)
rElec    .         Harm     .   (no cloak)
rCorr    +         Rampage  .   (no gloves)
Will     .....                  i - +0 pair of boots
Stlth    ..........             (no amulet)
HPRegen  0.17/turn              r - ring of resist corrosion
MPRegen  0.09/turn              t - ring of wizardry

@: no status effects
A: retaliatory headbutt, horns 2
a: Renounce Religion


You were on level 3 of the Dungeon.
You worshipped Qazlal.
Qazlal was noncommittal.
You visited 1 branch of the dungeon, and saw 3 of its levels.

You collected 149 gold pieces.

Inventory:

Hand Weapons
 a - a +0 long sword (weapon)
Armour
 b - a +0 scale mail (worn)
 c - a +0 kite shield (worn)
 i - a +0 pair of boots (worn)
 v - a +0 pair of boots
Jewellery
 r - a ring of resist corrosion (left hand)
 t - a ring of wizardry (right hand)
Wands
 m - a wand of polymorph (12)
 p - a wand of flame (7)
Scrolls
 g - 3 scrolls of teleportation {unknown}
 h - 5 scrolls of identify {unknown}
 l - a scroll of enchant weapon {unknown}
 n - 2 scrolls of remove curse {unknown}
 q - a scroll of immolation {unknown}
 s - a scroll of fear {unknown}
 u - a scroll of fog {unknown}
Potions
 d - a potion of might
 e - a potion of heal wounds {unknown}
 f - a potion of berserk rage {unknown}
 j - a potion of brilliance {unknown}
 k - 3 potions of attraction {unknown}
 o - a potion of resistance {unknown}
 w - 2 potions of curing {unknown}
 x - a potion of degeneration {unknown}
 z - 3 potions of mutation {unknown}
 A - a potion of magic {unknown}


   Skills:
 + Level 4.7 Fighting
 + Level 5.1 Long Blades
 + Level 5.1 Armour
 + Level 5.2 Shields


You had 5 spell levels left.
You didn't know any spells.
Your spell library was empty.

Dungeon Overview and Level Annotations

Branches:
Dungeon (3/15)

Altars:
Qazlal


Innate Abilities, Weirdness & Mutations

You reflexively headbutt those who attack you in melee.
You have a pair of horns on your head.


Message History

Your scale mail prevents you from hitting the orc wizard.
The orc wizard is moderately wounded.
You block the orc wizard's attack. The orc barely misses you.
You furiously retaliate!
You headbutt the orc. The orc wizard casts a spell at you.
The magic dart hits you.
* * * LOW HITPOINT WARNING * * *
You hit the orc wizard.
The orc wizard is heavily wounded.
The orc wizard gestures at you while chanting.
The puff of frost hits you.
* * * LOW HITPOINT WARNING * * *
The orc barely misses you.
You riposte.
You slash the orc!
You kill the orc!
Qazlal accepts your kill.
You closely miss the orc wizard.
The orc wizard is heavily wounded.
The orc wizard hits you but does no damage.
The orc wizard hits you with a +0 dagger.
You die...

#.###.# #.. #.##.##.# #.#
#.....######## #.##.##.# #.#
####.........#.#.....#.# #.#
#.######.. ...#..#.#####.####
####.# # # ##.#............).
.....# #..# #.......#####.###.
####.######..#.#..##.### #.# #.
...............#..##.# #.# #.
...............)@....#######.###.
...†.)......#.#o)................
.....#######...........#####.....
.....# #.##..#####.# ######
##.### # #..# .# #.# #..# .# #.#
#..# # #.# #.># #.# #..


You could see an orc wizard (fast).

Vanquished Creatures
  An ice beast (D:3)
  An orc priest (D:3)
  Jessica (D:3)
  Natasha (thrice) (D:2)
  2 adders
  An ooze (D:2)
  A dart slug (D:1)
  2 leopard geckos
  3 orcs (D:3)
  2 ball pythons
  5 bats
  3 giant cockroaches (D:1)
  9 goblins
  5 hobgoblins
  9 jackals
  7 kobolds
  A quokka (D:3)
  5 frilled lizards
  8 rats
69 creatures vanquished.

Vanquished Creatures (others)
  A plant (D:1)
1 creature vanquished.

Grand Total: 70 creatures vanquished

Notes
Turn   | Place    | Note
-------+----------+-------------------------------------------
     0 | D:1      | nothank2 the Minotaur Fighter began the quest for the Orb.
     0 | D:1      | Reached XP level 1. HP: 19/19 MP: 0/0
    46 | D:1      | Reached XP level 2. HP: 21/27 MP: 1/1
   684 | D:2      | Reached XP level 3. HP: 33/33 MP: 2/2
   698 | D:2      | Noticed Natasha
   704 | D:2      | Killed Natasha
   843 | D:2      | Noticed Natasha
   853 | D:2      | Killed Natasha
   854 | D:2      | Reached XP level 4. HP: 30/40 MP: 3/3
  1164 | D:2      | Noticed Natasha
  1190 | D:2      | Killed Natasha
  1775 | D:2      | Reached XP level 5. HP: 46/47 MP: 4/4
  2165 | D:3      | Noticed Jessica
  2171 | D:3      | Killed Jessica
  2196 | D:3      | Noticed an ice beast
  2205 | D:3      | Killed an ice beast
  2206 | D:3      | Reached skill level 5 in Armour
  2206 | D:3      | Reached skill level 5 in Shields
  2390 | D:3      | Noticed an air elemental
  2392 | D:3      | Found a stormy altar of Qazlal.
  2394 | D:3      | Noticed a water elemental
  2394 | D:3      | Noticed a fire elemental
  2435 | D:3      | Became a worshipper of Qazlal Stormbringer
  2465 | D:3      | Reached XP level 6. HP: 51/53 MP: 5/5
  2616 | D:3      | Reached skill level 5 in Long Blades
  2720 | D:3      | Slain by an orc wizard

Illustrated notes

Levels and vault maps discovered:
D:1:      eino_arrival_druids_welcome, layout_basic
D:2:      layout_basic, serial_curves, eino_curves_03, eino_curves_02,
          roderic_three_in_a_row, minmay_diced_spiral, uniq_natasha
D:3:      layout_loops_ring, marbit_many_paths,
          nicolae_qazlal_style_of_elements, uniq_jessica

Skill      XL: |  1  2  3  4  5  6 |
---------------+-------------------+-----
Shields        | 4 5 |  5.2
Fighting       | 4 |  4.7
Armour         | 4 5 |  5.1
Long Blades    | 3 4 5 |  5.1

Action                   |  1- 3 |  4- 6 || total
-------------------------+-------+-------++-------
Melee: Long sword        |    57 |   116 ||   173
       Headbutt          |     8 |    12 ||    20
Armor: Scale mail        |    24 |    50 ||    74
Dodge: Dodged            |    19 |    29 ||    48
Block: Kite shield       |    29 |    68 ||    97
       Rpst.: Long sword |     6 |     9 ||    15
